Map: Ruins of Endion

Players

Nerchio - Winner!

  • Race: Zerg Zerg

Neeb

  • Race: Protoss Protoss

Event: DreamHack Open Tours WCS Spring Championship

VOD

https://www.youtube.com/watch?v=0pbIQYeXbKk

Description

Time

  • Played on: May 15, 2016, 1:01 p.m.
  • Length: 14:32

All games in this series

Show
View Real Time Build Order
Export as new Build Order

Nerchio Zerg - Winner!

Build Orders: Hatch First, Lurkers 

Get SALT Encoding   

  12  0:00  Drone  
  13  0:12  Overlord  
  13  0:17  Drone  
  14  0:31  Drone x2  
  14  0:34  Drone  
  17  0:52  Hatchery  
  17  0:55  Drone  
  17  0:58  Drone  
  17  1:04  Extractor  
  17  1:14  Spawning Pool  
  17  1:17  Drone  
  17  1:20  Drone  
  18  1:29  Drone  
  19  1:38  Overlord  
  19  1:53  Drone  
  20  2:00  Queen  
  20  2:01  Zergling x2  
  23  2:04  Queen  
  23  2:05  Metabolic Boost  
  25  2:09  Drone  
  25  2:12  Drone  
  27  2:15  Drone  
  27  2:21  Drone  
  29  2:35  Hatchery  
  28  2:37  Drone  
  28  2:40  Drone  
  28  2:42  Zergling x2  
  31  2:45  Zergling x2  
  31  2:49  Overlord  
  32  2:56  Drone  
  32  3:09  Drone x4  
  32  3:10  Drone x2  
  38  3:13  Overlord  
  38  3:16  Drone x2  
  38  3:19  Drone  
  41  3:23  Overlord  
  41  3:27  Queen  
  41  3:33  Drone x2  
  45  3:39  Zergling x2  
  46  3:47  Queen, Drone  
  46  3:48  Drone x3  
  52  3:49  Drone x2  
  52  3:53  Drone  
  55  3:56  Spore Crawler, Drone x2  
  55  3:58  Drone  
  55  4:01  Extractor  
  56  4:07  Overlord  
  56  4:09  Drone x2  
  57  4:14  Overlord  
  57  4:16  Drone x2  
  57  4:17  Drone  
  60  4:19  Overlord  
  60  4:21  Lair  
  60  4:22  Drone  
  61  4:25  Overlord  
  61  4:30  Drone  
  61  4:31  Drone  
  63  4:32  Extractor  
  63  4:33  Drone  
  63  4:34  Queen  
  65  4:38  Extractor  
  65  4:39  Spore Crawler  
  65  4:43  Drone x3  
  65  4:45  Drone  
  67  4:46  Spore Crawler, Drone  
  67  4:47  Drone  
  67  4:51  Zergling x6  
  70  4:53  Drone  
  70  4:55  Drone  
  70  4:56  Drone  
  70  4:58  Overlord  
  70  4:59  Drone  
  74  5:01  Drone  
  74  5:04  Drone  
  74  5:05  Overlord  
  75  5:07  Pneumatized Carapace  
  75  5:08  Extractor, Drone  
  75  5:10  Extractor  
  75  5:11  Drone x2  
  75  5:12  Drone  
  77  5:18  Drone x2  
  77  5:19  Spore Crawler  
  78  5:22  Overseer  
  78  5:25  Drone x3  
  78  5:26  Hydralisk Den  
  80  5:28  Drone  
  80  5:29  Drone  
  80  5:31  Spore Crawler  
  80  5:35  Drone x3  
  83  5:36  Overlord  
  83  5:49  Zergling x6  
  85  5:52  Drone x3  
  85  5:53  Overlord  
  85  5:54  Evolution Chamber  
  85  5:56  Evolution Chamber  
  86  5:57  Hydralisk x3  
  86  6:00  Muscular Augments  
  86  6:01  Hydralisk  
  94  6:04  Overlord  
  94  6:07  Hydralisk  
  94  6:09  Hydralisk  
  98  6:12  Hydralisk  
  100  6:22  Zerg Missile Weapons Level 1  
  100  6:23  Zerg Melee Weapons Level 1  
  100  6:27  Hatchery  
  99  6:33  Hydralisk x4  
  99  6:35  Overlord  
  99  6:39  Drone x3  
  110  6:40  Drone  
  110  6:41  Drone x2  
  110  6:45  Overlord  
  110  6:46  Hydralisk  
  113  6:51  Queen  
  113  6:53  Overlord  
  115  6:58  Hydralisk x2  
  119  7:02  Hydralisk x2  
  123  7:11  Extractor  
  123  7:12  Extractor  
  123  7:13  Lurker Den  
  120  7:15  Hydralisk  
  120  7:16  Hydralisk x2  
  120  7:18  Hydralisk  
  128  7:24  Overseer x2, Hydralisk  
  128  7:25  Hydralisk  
  128  7:28  Hydralisk  
  128  7:29  Overlord  
  134  7:36  Drone x3  
  136  7:37  Hydralisk  
  136  7:42  Hydralisk x2  
  142  7:45  Drone x3  
  142  7:47  Drone  
  142  7:48  Drone  
  147  7:51  Overlord  
  147  7:53  Hydralisk  
  147  7:58  Hydralisk x2  
  148  7:59  Overlord  
  148  8:02  Overlord  
  152  8:09  Overlord x2  
  152  8:10  Infestation Pit  
  151  8:19  Hydralisk x4  
  159  8:22  Zergling x6  
  159  8:23  Zergling x2  
  163  8:30  Zerg Missile Weapons Level 2, Zerg Melee Weapons Level 2  
  163  8:35  Drone  
  163  8:36  Drone  
  163  8:40  Lurker x7  
  163  8:41  Lurker, Zergling x4  
  173  8:42  Zergling x2  
  173  8:43  Zergling x2  
  173  8:44  Zergling x2  
  173  8:45  Zergling x2  
  173  8:46  Zergling x2  
  173  8:47  Zergling x2  
  181  8:49  Zergling x4  
  181  8:50  Zergling x2  
  181  8:51  Zergling x2  
  174  8:56  Zergling x14  
  174  8:57  Zergling x2  
  178  9:04  Zergling x6  
  178  9:08  Zergling x8  
  184  9:11  Zergling x8  
  184  9:13  Zergling x2  
  184  9:14  Zergling x2  
  190  9:17  Zergling x2  
  190  9:20  Lurker x3  
  190  9:21  Zergling x2  
  190  9:22  Zergling x2  
  190  9:23  Zergling x4  
  191  9:28  Hydralisk  
  191  9:35  Hydralisk x5  
  184  9:40  Hydralisk  
  184  9:42  Hydralisk  
  184  9:44  Hydralisk  
  184  9:45  Hydralisk  
  166  9:47  Queen x2  
  166  9:48  Queen  
  166  9:50  Hydralisk  
  166  9:52  Hydralisk x2  
  157  9:55  Hydralisk x2  
  157  9:58  Zergling x4  
  162  10:03  Zergling x2  
  162  10:06  Zergling x2  
  155  10:07  Zergling x4  
  154  10:16  Hydralisk x2  
  154  10:18  Zergling x4  
  154  10:20  Zergling x2  
  154  10:21  Zergling x4  
  151  10:23  Zergling x6, Hatchery  
  138  10:33  Hydralisk  
  138  10:34  Hydralisk x3  
  134  10:36  Hydralisk  
  134  10:37  Hydralisk  
  134  10:39  Queen  
  134  10:41  Hydralisk  
  132  10:44  Hydralisk, Hive  
  132  10:48  Hydralisk  
  132  10:49  Hydralisk x2  
  134  10:52  Hydralisk  
  134  10:53  Hydralisk  
  133  10:58  Hydralisk x2  
  133  11:00  Hydralisk  
  133  11:01  Zergling x2  
  133  11:02  Zergling x2  
  135  11:06  Hydralisk, Queen  
  135  11:08  Hydralisk  
  135  11:13  Hydralisk x2  
  135  11:15  Zergling x4  
  135  11:17  Lurker x2  
  141  11:18  Zergling x2  
  141  11:19  Zergling x2  
  141  11:22  Zergling x6  
  141  11:23  Zergling x2  
  147  11:25  Zergling x4  
  147  11:28  Zergling x2  
  147  11:29  Zergling x2  
  147  11:31  Zergling x2  
  147  11:32  Zergling x2  
  147  11:34  Zergling x2  
  147  11:36  Zergling x2  
  147  11:39  Zergling x2  
  122  11:41  Zergling x2  
  122  11:44  Zergling x4  
  122  11:46  Zergling x2  
  112  11:48  Zergling x2  
  112  11:51  Hydralisk  
  106  11:54  Zergling x2  
  106  11:55  Zergling x2  
  108  12:02  Lurker x3  
  108  12:05  Lurker  
  108  12:06  Lurker  
  108  12:07  Lurker  
  114  12:16  Adrenal Glands  
  114  12:24  Zergling x8  
  114  12:29  Zergling x8  
  120  12:37  Hydralisk x3  
  120  12:38  Hatchery  
  120  12:39  Hydralisk  
  120  12:41  Zergling x2  
  120  12:42  Zergling x2  
  127  12:46  Hydralisk x2  
  127  12:49  Hydralisk  
  133  12:55  Zergling x12  
  139  13:01  Hydralisk  
  139  13:02  Hydralisk x2  
  145  13:06  Hydralisk  
  145  13:08  Hydralisk  
  147  13:13  Zergling x6  
  150  13:29  Overseer x2  
  150  13:31  Zergling x2  
  150  13:32  Zergling x12  
  152  13:42  Zergling x10  
  152  13:45  Overlord x2  
  151  13:58  Zergling x2  
  151  13:59  Spire, Zergling x12  
  152  14:14  Zergling x22  
  152  14:15  Zergling x4  
Show
View Real Time Build Order
Export as new Build Order

Neeb Protoss 

Build Orders: 1 Gate Expand, Phoenix Opening 

Get SALT Encoding   

  12  0:00  Probe (Chrono Boost)  
  13  0:11  Probe (Chrono Boost)  
  14  0:17  Pylon  
  14  0:21  Probe (Chrono Boost)  
  16  0:35  Probe (Chrono Boost)  
  16  0:37  Gateway  
  16  0:46  Probe (Chrono Boost)  
  17  0:57  Probe (Chrono Boost)  
  18  0:58  Assimilator  
  18  1:07  Probe (Chrono Boost)  
  19  1:18  Nexus  
  19  1:23  Probe (Chrono Boost)  
  20  1:32  Cybernetics Core  
  20  1:35  Probe (Chrono Boost)  
  21  1:42  Assimilator  
  21  1:45  Probe (Chrono Boost)  
  22  1:51  Pylon  
  22  1:56  Probe (Chrono Boost)  
  23  2:08  Warp Gate  
  23  2:09  Probe, Adept (Chrono Boost)  
  26  2:21  Probe  
  27  2:29  Probe (Chrono Boost)  
  27  2:33  Probe (Chrono Boost)  
  29  2:40  Adept  
  29  2:41  Mothership Core (Chrono Boost)  
  33  2:44  Probe (Chrono Boost)  
  34  2:55  Probe (Chrono Boost)  
  35  3:00  Probe (Chrono Boost)  
  35  3:01  Stargate  
  37  3:05  Probe (Chrono Boost)  
  37  3:10  Probe (Chrono Boost)  
  38  3:16  Probe (Chrono Boost)  
  39  3:21  Probe (Chrono Boost)  
  39  3:26  Pylon  
  39  3:27  Probe (Chrono Boost)  
  41  3:31  Probe (Chrono Boost)  
  42  3:34  Nexus  
  42  3:36  Pylon  
  42  3:37  Probe (Chrono Boost)  
  42  3:41  Probe (Chrono Boost)  
  43  3:42  Pylon  
  43  3:45  Phoenix (Chrono Boost)  
  43  3:48  Probe  
  47  3:50  Probe  
  48  4:00  Probe  
  48  4:01  Probe  
  49  4:07  Phoenix (Chrono Boost)  
  52  4:12  Probe x2  
  52  4:14  Robotics Facility  
  52  4:15  Robotics Facility, Assimilator  
  52  4:19  Assimilator  
  52  4:24  Probe  
  52  4:25  Probe  
  54  4:34  Pylon, Phoenix (Chrono Boost)  
  54  4:35  Probe  
  54  4:36  Probe  
  58  4:46  Probe x2  
  58  4:47  Gateway  
  58  4:48  Probe, Gateway  
  58  4:51  Pylon  
  61  4:56  Probe x2  
  63  5:00  Probe  
  63  5:01  Phoenix (Chrono Boost)  
  63  5:04  Sentry  
  69  5:07  Observer (Chrono Boost)  
  69  5:08  Probe x2  
  69  5:12  Immortal (Chrono Boost)  
  76  5:14  Probe  
  76  5:19  Probe  
  76  5:20  Probe  
  78  5:26  Probe  
  79  5:28  Phoenix  
  79  5:29  Probe  
  79  5:32  Probe, Assimilator  
  79  5:34  Assimilator  
  87  5:36  Immortal (Chrono Boost)  
  87  5:38  Probe  
  87  5:40  Probe, Sentry  
  87  5:42  Pylon  
  91  5:44  Probe  
  92  5:50  Probe  
  92  5:51  Immortal (Chrono Boost)  
  92  5:56  Twilight Council  
  97  5:57  Probe, Forge  
  97  5:58  Probe  
  97  6:02  Probe  
  104  6:11  Immortal (Chrono Boost)  
  104  6:17  Pylon  
  104  6:21  Pylon x2  
  104  6:25  Immortal (Chrono Boost), Pylon  
  108  6:29  Blink, Pylon  
  108  6:30  Protoss Ground Weapons Level 1 (Chrono Boost)  
  106  6:41  Robotics Bay  
  106  6:44  Gateway x2  
  106  6:46  Gateway  
  106  6:48  Immortal (Chrono Boost)  
  110  6:55  Sentry  
  110  6:57  Nexus  
  110  7:00  Pylon  
  112  7:01  Sentry  
  112  7:02  Zealot  
  112  7:06  Pylon  
  116  7:13  Immortal (Chrono Boost)  
  120  7:21  Gateway  
  120  7:23  Gateway  
  120  7:24  Pylon  
  120  7:27  Stalker x2  
  120  7:28  Stalker  
  128  7:46  Pylon, Stalker x3  
  128  7:47  Pylon  
  128  7:50  Disruptor (Chrono Boost)  
  134  7:51  Disruptor (Chrono Boost)  
  134  7:53  Adept  
  134  7:54  Adept x2  
  142  8:06  Probe x2  
  142  8:07  Probe, Assimilator  
  142  8:11  Stalker x2  
  142  8:12  Assimilator  
  149  8:18  Probe  
  150  8:21  Sentry, Stalker  
  150  8:23  Disruptor (Chrono Boost)  
  150  8:25  Disruptor (Chrono Boost)  
  160  8:33  Stalker  
  162  8:40  Stalker, Adept x3  
  162  8:41  Adept  
  172  8:49  Photon Cannon  
  172  8:50  Photon Cannon  
  172  8:54  Disruptor (Chrono Boost)  
  173  8:59  Disruptor (Chrono Boost)  
  174  9:04  Stalker x3  
  174  9:07  Probe x3  
  179  9:25  Stalker  
  179  9:26  Stalker x2  
  175  9:43  Sentry  
  175  9:44  Sentry, Stalker x3  
  125  9:54  Stalker x3  
  108  10:07  Stalker x3  
  108  10:08  Stalker x2  
  98  10:29  Stalker x3  
  95  10:48  Adept  
  95  10:49  Adept x4  
  105  10:50  Probe x2  
  105  10:54  Probe x2  
  107  10:57  Robotics Facility  
  107  10:58  Robotics Facility  
  107  11:02  Probe x2  
  109  11:04  Probe, Stalker x2  
  110  11:16  Sentry, Stalker  
  110  11:17  Sentry x2  
  106  11:46  Probe  
  96  11:54  Stalker x3  
  88  11:58  Immortal (Chrono Boost), Observer (Chrono Boost)  
  97  12:03  Probe  
  97  12:04  Probe x2  
  97  12:05  Sentry x3  
  97  12:06  Sentry  
  108  12:18  Disruptor (Chrono Boost)  
  108  12:20  Probe  
  112  12:24  Sentry x2  
  112  12:25  Stalker  
  118  12:32  Disruptor (Chrono Boost)  
  114  12:37  Stalker  
  101  12:51  Disruptor (Chrono Boost)  
  104  13:04  Disruptor (Chrono Boost)  
  107  13:12  Mothership Core  
  109  13:22  Disruptor (Chrono Boost)  
  109  13:26  Zealot x3  
  107  13:41  Disruptor (Chrono Boost)  
  107  13:43  Sentry x2, Stalker  
  113  13:53  Disruptor (Chrono Boost)  
  110  14:15  Stalker x2  
  110  14:16  Zealot  

Tags
 
Add a new tag
Caveats
  • Supply blocks, unpowered buildings, or Contaminate may cause inaccurate times.
  • Supply counts are checked every 10 seconds.